AoeStats
← Pepe_MR7

Arabia

510030081Analyzed
1v1 RM · 2d ago on Sep 29, 2026· 51m 30s· 2 players
Game mode
Random Map
Map size
Tiny (2 player)
Population
200
Speed
Normal
Resources
Standard
Victory
Conquest
Starting age
Dark Age
Ending age
Imperial Age
RankedLock teamsTeams togetherTeam positionsShared explorationLock speedFull tech treeHidden civsTurbo modeCheats
Victory
Defeat
🇦🇷 Malians · Argentina
913
+15
🇲🇽 Chinese · Mexico
899
-15
Pepe_MR7
0:26 Loom
10:37 Feudal Age
11:26 Double-Bit Axe
17:41 Double-Bit Axe
18:16 Fletching
18:27 Padded Archer Armor
24:42 Castle Age
23:50 Forging
24:55 Scale Barding Armor
25:11 Bloodlines
26:13 Husbandry
28:11 Bow Saw
29:01 Wheelbarrow
31:54 Town Watch
33:22 Iron Casting
33:08 Chain Barding Armor
33:33 Town Patrol
35:19 Crossbowman
36:05 Thumb Ring
37:35 Hand Cart
37:54 Bodkin Arrow
38:02 Gold Mining
39:41 Horse Collar
47:36 Leather Archer Armor
Minombre_Apellido
8:25 Loom
10:48 Feudal Age
10:50 Man-at-Arms
12:16 Arson
13:55 Double-Bit Axe
21:45 Castle Age
21:37 Padded Archer Armor
21:30 Fletching
21:55 Long Swordsman
22:02 Elite Skirmisher
23:29 Bodkin Arrow
23:52 Squires
24:09 Bow Saw
25:48 Leather Archer Armor
27:40 Pikeman
28:57 Scale Mail Armor
34:19 Tigui
39:42 Wheelbarrow
38:53 Town Watch
39:47 Chain Mail Armor
39:43 Forging
41:21 Husbandry
41:32 Bloodlines
43:18 Hand Cart
46:56 Imperial Age
44:17 Light Cavalry
47:14 Thumb Ring
48:08 Conscription
48:38 Iron Casting
50:21 Scale Barding Armor
50:47 Plate Mail Armor
50:48 Ring Archer Armor
51:26 Capped Ram
Connection lost

Rejoining the realm…

Still unreachable

The connection could not be restored.

Session expired

The server has moved on; the page needs a fresh start.